 Dungeon Crawl Stone Soup version 0.17-a0-1181-gabc46e6 (webtiles) character file.

8097 Murumi the Protected (level 11, -4/129 HPs)
             Began as a Formicid Fighter on June 1, 2015.
             Was a Believer of the Shining One.
             Slain by a 11-headed hydra (9 damage)
             ... on level 1 of the Lair of Beasts.
             The game lasted 01:00:02 (11298 turns).

Murumi the Protected (Formicid Fighter)            Turns: 11298, Time: 01:00:03

Health: -4/129     AC: 25    Str: 30    XL:     11   Next: 49%
Magic:  15/15      EV:  2    Int:  7    God:    the Shining One [**....]
Gold:   498        SH: 13    Dex: 10    Spells: 0 memorised, 10 levels left

rFire  + . .     SeeInvis .     z - +0 hand crossbow
rCold  . . .     Clarity  .     (armour currently unavailable)
rNeg   + + +     SustAt   .     c - +1 shield
rPois  +         Gourm    +     (helmet unavailable)
rElec  .         Spirit   .     (cloak currently unavailable)
rCorr  .         Warding  .     (gloves currently unavailable)
rMut   .         Stasis   +     (boots currently unavailable)
MR     +....                    i - amulet of the gourmand
Stlth  +.........               D - ring of Greed {rF+ EV+5}
                                y - ring of poison resistance

@: mighty, tree-form, glowing, somewhat resistant to hostile enchantments, very
unstealthy
A: permanent stasis, dig shafts and tunnels, four strong arms, (antennae 0)
a: Divine Shield, Renounce Religion


You were on level 1 of the Lair of Beasts.
You worshipped the Shining One.
The Shining One was pleased with you.
You were very full.
You were a tree.
You visited 3 branches of the dungeon, and saw 11 of its levels.
You also visited: Sewer and Ossuary.

You collected 498 gold pieces.

Inventory:

Hand weapons
 a - a +1 long sword of electrocution
 z - a +0 hand crossbow (weapon)
Missiles
 e - 41 bolts (quivered)
Armour
 c - a +1 shield (worn)
 q - a +0 pair of gloves (melded)
 t - a +0 plate armour (melded)
 F - a +0 cloak of poison resistance (melded)
Jewellery
 i - an amulet of the gourmand (around neck)
 v - an uncursed ring of fire
 y - a ring of poison resistance (left branch)
 D - the ring of Greed (right branch) {rF+ EV+5}
   (You found it on level 8 of the Dungeon)

   [ring of evasion]

   It affects your evasion (+5).
   It protects you from fire.
Magical devices
 n - a wand of flame (25)
 C - a wand of fireball (0)
Scrolls
 g - 4 scrolls of remove curse
 o - 5 scrolls of enchant armour
 x - 5 scrolls of enchant weapon
 E - 2 scrolls of magic mapping
Potions
 d - a potion of might
 j - 2 potions of heal wounds
 m - 2 potions of magic
 r - 3 potions of curing
 u - 3 potions of brilliance
 B - a potion of cancellation {unknown}
Comestibles
 b - 6 bread rations
 h - 5 meat rations
 k - 10 fruits
 l - 5 slices of pizza
 p - 6 beef jerkies


   Skills:
 - Level 8.0 Fighting
 - Level 8.0 Long Blades
 - Level 5.0 Crossbows
 - Level 9.1 Armour
 - Level 5.0 Dodging
 - Level 9.0 Shields
 + Level 5.9 Invocations


You had 10 spell levels left.
You didn't know any spells.

Dungeon Overview and Level Annotations

Branches:
Dungeon (9/15)             Temple (1/1) D:7            Lair (1/8) D:9
    Orc: D:9-12

Altars:
Ashenzari
Cheibriados
Dithmenos
Elyvilon
Fedhas
Gozag
Kikubaaqudgha
Makhleb
Nemelex Xobeh
Okawaru
Qazlal
Ru
Sif Muna
Trog
Vehumet
Xom
Yredelemnul
Zin
The Shining One

Shops:
D:6 *   D:9 [


Innate Abilities, Weirdness & Mutations

You are under a permanent stasis effect.
You can dig through walls and to a lower floor.
Your four strong arms can wield two-handed weapons with a shield.
((You have a pair of large antennae on your head (SInv).))


Message History

The 11-headed hydra bites you but does no damage. x2
You block the 11-headed hydra's attack.
The 11-headed hydra bites you but does no damage.
Firing (i - inventory):
e - 42 bolts (quivered)
Press: ? - help, Shift-Dir - straight line, f/p - 11-headed hydra
Aim: a 11-headed hydra (moderately wounded, haloed)
You shoot a bolt. The bolt hits the 11-headed hydra!
The 11-headed hydra is heavily wounded.
The 11-headed hydra bites you but does no damage.
You block the 11-headed hydra's attack.
The 11-headed hydra bites you but does no damage.
You block the 11-headed hydra's attack. The 11-headed hydra bites you.
* * * LOW HITPOINT WARNING * * *
The 11-headed hydra bites you!
* * * LOW HITPOINT WARNING * * *
The 11-headed hydra bites you!
* * * LOW HITPOINT WARNING * * *
The 11-headed hydra bites you but does no damage.
The 11-headed hydra bites you!
You die...

.................................
.................................
.........>.......................
............................#.#.#
..........................P....
..............................#
....................#..###.###.#
#...................#.......#####
#...............♣..###.......# #.
#...............D#.##...#.##.####
..................#...######..#..
........?............## ##....
#..........###.......# ##....
P......#.P## #....##.### #....#
##.....######..####...## ##..÷#
##.....P# #....###.#...#####....
.......#####.....#####..##.#.....


You could see a 11-headed hydra.

Vanquished Creatures
  A hill giant (D:7)
  Pikel (D:7)
  Psyche (D:9)
  A spiny frog (Lair:1)
  A wandering mushroom (D:9)
  The ghost of Herrn the Covered, an average NaFi (Sewer)
  Grinder (D:5)
  Prince Ribbit (D:6)
  4 yaks (D:9)
  2 deep elf magi
  A water moccasin (Lair:1)
  A porcupine (Lair:1)
  A slave (D:7)
  3 ice beasts
  A black bear (D:9)
  8 ogres
  2 phantoms
  3 centaurs
  2 crocodiles (Lair:1)
  Blork the orc (D:6)
  6 giant frogs
  A big kobold (D:7)
  3 elf zombies (Ossuary)
  A wyvern zombie (D:8)
  2 gnoll sergeants (D:7)
  3 scorpions
  4 wights (D:8)
  A water moccasin skeleton (D:8)
  3 crimson imps (D:6)
  A centaur zombie (Ossuary)
  3 human zombies (Ossuary)
  3 hounds
  A giant frog zombie (D:9)
  Crazy Yiuf (D:6)
  2 giant frog skeletons (D:9)
  2 gnoll shamans
  A quasit (D:8)
  A jelly (D:7)
  7 orc wizards
  7 orc priests
  4 iguanas
  9 worker ants
  A big kobold zombie (Ossuary)
  3 mummies
  A worker ant zombie (D:5)
  15 river rats (Lair:1)
  9 adders
  11 gnolls
  2 shadow imps
  An adder skeleton (D:8)
  2 worms (D:3)
  6 giant geckos
  29 orcs
  7 ball pythons
  19 bats
  A bat skeleton (D:4)
  A bat zombie (D:7)
  2 giant cockroaches (D:4)
  16 hobgoblins
  15 jackals
  4 quokkas
  2 giant gecko skeletons
  8 giant newts
  12 goblins
  3 goblin zombies
  7 hobgoblin zombies (Ossuary)
  2 jackal zombies (Ossuary)
  22 kobolds
  14 kobold zombies (Ossuary)
  4 orc zombies
  A quokka skeleton (D:4)
  15 rats
  A fungus (D:9)
  2 plants (Sewer)
341 creatures vanquished.

Vanquished Creatures (others)
  2 slaves (D:7)
  An adder (D:7)
  A plant (Sewer)
4 creatures vanquished.

Grand Total: 345 creatures vanquished

Notes
Turn   | Place    | Note
--------------------------------------------------------------
     0 | D:1      | Murumi the Formicid Fighter began the quest for the Orb.
     0 | D:1      | Reached XP level 1. HP: 18/18 MP: 1/1
    74 | D:1      | Reached skill level 4 in Shields
    77 | D:1      | Reached XP level 2. HP: 18/24 MP: 2/2
    79 | D:1      | Reached skill level 1 in Dodging
   156 | D:1      | Reached XP level 3. HP: 26/29 MP: 3/3
  1112 | D:2      | Found an opulent altar of Gozag.
  1207 | D:2      | Reached XP level 4. HP: 28/37 MP: 4/4
  1840 | D:3      | Reached XP level 5. HP: 31/42 MP: 5/5
  1978 | D:3      | Found a sacrificial altar of Ru.
  2548 | D:4      | Found a glowing drain.
  2568 | D:4      | Reached skill level 5 in Armour
  2606 | Sewer    | Entered a sewer
  2661 | Sewer    | Reached XP level 6. HP: 34/48 MP: 6/6
  2811 | Sewer    | Noticed Herrn's ghost (average NaFi)
  2820 | Sewer    | Killed Herrn's ghost
  2820 | Sewer    | Reached skill level 5 in Long Blades
  2820 | Sewer    | Reached XP level 7. HP: 45/54 MP: 7/7
  3448 | D:4      | Noticed an ogre
  3450 | D:4      | Noticed an ogre
  3472 | D:4      | Killed an ogre
  3472 | D:4      | Reached skill level 5 in Shields
  3478 | D:4      | Killed an ogre
  3478 | D:4      | Reached skill level 6 in Shields
  4494 | D:5      | Entered Level 5 of the Dungeon
  4598 | D:5      | Noticed Grinder
  4612 | D:5      | Reached XP level 8. HP: 53/60 MP: 8/8
  4623 | D:5      | Killed Grinder
  4644 | D:5      | Reached skill level 5 in Fighting
  4684 | D:5      | Found a sand-covered staircase.
  4697 | Ossuary  | Entered an ossuary
  5079 | Ossuary  | Reached skill level 7 in Shields
  5100 | Ossuary  | Reached XP level 9. HP: 59/69 MP: 9/9
  6304 | D:6      | Found Ucveut's Off-Brand Ammunition.
  6309 | D:6      | Noticed Blork the orc
  6310 | D:6      | Reached skill level 8 in Shields
  6321 | D:6      | Killed Blork the orc
  6425 | D:6      | Reached skill level 5 in Dodging
  6710 | D:6      | Noticed Crazy Yiuf
  6725 | D:6      | Killed Crazy Yiuf
  6761 | D:6      | Reached XP level 10. HP: 55/79 MP: 10/10
  7048 | D:6      | Noticed Prince Ribbit
  7069 | D:6      | Killed Prince Ribbit
  7625 | D:7      | Noticed Pikel
  7653 | D:7      | Reached skill level 9 in Armour
  7669 | D:7      | Killed Pikel
  8052 | D:7      | Noticed a hill giant
  8074 | D:7      | Killed a hill giant
  8150 | D:7      | Found a staircase to the Ecumenical Temple.
  8158 | Temple   | Entered the Ecumenical Temple
  8165 | Temple   | Became a worshipper of the Shining One
  8617 | D:8      | Acquired the Shining One's first power
  8868 | D:8      | Got a transparent platinum ring
  8869 | D:8      | Identified the ring of Greed {rF+ EV+5} (You found it on level 8 of the Dungeon)
  9086 | D:8      | Reached skill level 1 in Invocations
  9243 | D:8      | Reached skill level 1 in Crossbows
  9386 | D:8      | Reached XP level 11. HP: 86/86 MP: 11/11
  9502 | D:9      | Found a staircase to the Lair.
  9566 | D:9      | Found Kuonen's Armour Shoppe.
  9621 | D:9      | Acquired the Shining One's second power
  9852 | D:9      | Reached skill level 5 in Invocations
  9971 | D:9      | Noticed Psyche
  9982 | D:9      | Killed Psyche
 10264 | Lair:1   | Entered Level 1 of the Lair of Beasts
 10337 | Lair:1   | Reached skill level 5 in Crossbows
 10991 | Lair:1   | Noticed a four-headed hydra
 11298 | Lair:1   | HP: 5/129 [11-headed hydra (9)]
 11298 | Lair:1   | Slain by a 11-headed hydra

Vault maps used:
D:1:      minmay_arrival_checkered_box, serial_park_tiny_1, lemuel_flame_loot_1
D:2:      kennysheep_doodads, grunt_gozag_breadcrumbs
D:3:      old_standard_altar
D:4:      first_bread, portal_sewer_entry_b, minmay_three_crescents
D:5:      nicolae_ossuary_entry_giza, uniq_grinder
D:6:      nicolae_offbrand_ammo, uniq_crazy_yiuf_cottage, uniq_blork_the_orc,
          uniq_prince_ribbit1
D:7:      minmay_temple_entry_trees, grunt_ministairs_15, uniq_pikel
D:9:      dpeg_oklobed_lair, serial_shops, shop, uniq_psyche
Temple:   nicolae_temple_no_exploring_needed
Sewer:    sewer_co_scattered_pipes
Ossuary:  ossuary_tomb_1

Action                   |  1- 3 |  4- 6 |  7- 9 | 10-12 || total
-------------------------+-------+-------+-------+-------++-------
Melee: Long sword        |   126 |   235 |   619 |   425 ||  1405
 Fire: Hand crossbow     |       |       |       |    21 ||    21
Invok: Divine Shield     |       |       |       |     1 ||     1
 Abil: Dig               |     1 |     1 |     5 |     4 ||    11
Evoke: Wand              |       |       |       |     2 ||     2
  Use: Scroll            |     9 |     4 |     3 |     9 ||    25
       Potion            |     1 |     1 |     1 |     3 ||     6
  Eat: Chunk             |     7 |     6 |    16 |    14 ||    43
       Bread ration      |     1 |       |       |       ||     1
